 Dungeon Crawl Stone Soup version 0.20-a0-809-gaf7f668 (webtiles) character file.

56 Gorglomux the Sneak (level 3, -2/21 HPs)
             Began as a Vampire Enchanter on Mar 2, 2017.
             Slain by a kobold
             ... wielding a +0 short sword
              (5 damage)
             ... on level 1 of the Dungeon.
             The game lasted 00:03:13 (1517 turns).

Gorglomux the Sneak (Vampire Enchanter)             Turns: 1517, Time: 00:03:14

Health: -2/21      AC:  4    Str:  7    XL:     3   Next: 71%
Magic:  4/6        EV: 12    Int: 23    God:
Gold:   63         SH:  0    Dex: 14    Spells: 3/6 levels left

rFire    . . .     SeeInvis +   e - +0 dagger (venom)
rCold    + . .     Gourm    .   b - +0 robe
rNeg     + + .     Faith    .   (no shield)
rPois    +         Spirit   .   (no helmet)
rElec    .         Reflect  .   (no cloak)
rCorr    .         Harm     .   (no gloves)
MR       .....                  (no boots)
Stlth    ++++......             (no amulet)
Regen    0.1/turn               (no ring)
MPRegen  0.1/turn               (no ring)

@: brilliant, regenerating slowly
A: fangs 3, icy blue scales 1, see invisible, berserk 1, frail 1, poison
resistance, unbreathing
a: Bat Form


You were on level 1 of the Dungeon.
You were very thirsty.

You visited 1 branch of the dungeon, and saw 1 of its levels.

You collected 63 gold pieces.

Inventory:

Hand Weapons
 e - a +0 dagger of venom (weapon)
Armour
 b - a +0 robe (worn)
Potions
 d - 10 potions of blood
Books
 c - a book of Maledictions

   Spells                             Type                      Level
   a - Corona                         Hexes                        1
   b - Ensorcelled Hibernation        Hexes/Ice                    2
   c - Confuse                        Hexes                        3
   d - Tukima's Dance                 Hexes                        3
   e - Dazzling Spray                 Conjuration/Hexes            3


   Skills:
 + Level 2.2 Short Blades
 - Level 2.1 Dodging
 + Level 5.7 Stealth
 - Level 2.0 Spellcasting
 + Level 5.2 Hexes


You had 3 spell levels left.
You knew the following spells:

 Your Spells              Type           Power        Failure   Level  Hunger
a - Corona                Hex            #####..      1%          1    #......
z - Ensorcelled Hibernat  Hex/Ice        ####..       1%          2    ##.....


Dungeon Overview and Level Annotations

Branches:
Dungeon (1/15)

Altars:


Innate Abilities, Weirdness & Mutations

You heal slowly.
You have razor-sharp teeth.
You have supernaturally acute eyesight. (SInv)
You can survive without breathing.
You are partially covered in icy blue scales. (AC +2)
You tend to lose your temper in combat.
You are frail. (-10% HP)
Your system is resistant to poisons. (rPois)


Message History

Your magical contamination has completely faded away.
You are feeling very thirsty.
It was a potion of mutation.
You feel extremely strange.
Icy blue scales grow over part of your body.
You feel a little pissed off.
You feel frail.
You feel resistant to poisons. The kobold hits you with a short sword.
* * * LOW HITPOINT WARNING * * *
It was a potion of lignification.
You feel woody for a moment. The kobold closely misses you.
It was a potion of brilliance.
You feel clever all of a sudden. The kobold hits you but does no damage.
Okay, then.
Casting: Corona
Confirm with . or Enter, or press ? or * to list all spells.
Aiming: Ensorcelled Hibernation
Press: ? - help, Shift-Dir - straight line, f/p - gnoll
Aim: a gnoll, wielding a spear (moderately wounded, chance to defeat MR: 66%)
The kobold struggles to resist.
The kobold hits you with a short sword.
You die...

###################.#..########.#
#.%....##...##..<##.#...........#
#.#...##.##.###..##.##.########.#
.#.....#.#..#..####.##.# #.#
.##.##..##.####..##.##.# #.#
..#..#..#.#...##.##.##.# #.#
#..#.#.#..###.#(###.##.# #.#
....#..#.#.###.####.##.# #.#
..g.g.##.##..###@##(.#.########^#
..#...#.##.#g..#K##..............
#..#...# ######g###....########.#
.#...#..# ### #....# #.#
)#....##.# #....########.#
#....#(..# #.............#
.#....## # ##.#..#########
....#... #.#..# ########
#%##.#########


You could see a gnoll and a kobold.

Vanquished Creatures
  A gnoll (D:1)
  An ooze (D:1)
  3 dart slugs (D:1)
  2 leopard geckos (D:1)
  5 bats (D:1)
  2 giant cockroaches (D:1)
  3 goblins (D:1)
  7 hobgoblins (D:1)
  A frilled lizard (D:1)
  4 kobolds (D:1)
  A rat (D:1)
30 creatures vanquished.

Notes
Turn   | Place    | Note
-------+----------+-------------------------------------------
     0 | D:1      | Gorglomux the Vampire Enchanter began the quest for the Orb.
     0 | D:1      | Reached XP level 1. HP: 13/13 MP: 3/3
   241 | D:1      | Reached XP level 2. HP: 16/19 MP: 5/5
   374 | D:1      | Learned a level 2 spell: Ensorcelled Hibernation
   702 | D:1      | Reached XP level 3. HP: 14/24 MP: 6/6
  1445 | D:1      | HP: 1/24 [kobold/short sword (4)]
  1513 | D:1      | Gained mutation: You are partially covered in icy blue scales. (AC +2) [potion of mutation]
  1513 | D:1      | Gained mutation: You tend to lose your temper in combat. [potion of mutation]
  1513 | D:1      | Gained mutation: You are frail. (-10% HP) [potion of mutation]
  1513 | D:1      | Gained mutation: Your system is resistant to poisons. (rPois) [potion of mutation]
  1517 | D:1      | Slain by a kobold

Vault maps used:
D:1:      erik_arrival_cave_to_civilisation

Skill      XL: |  1  2  3 |
---------------+----------+-----
Short Blades   | 2 |  2.2
Stealth        | 5 |  5.7
Hexes          | 5 |  5.2
Dodging        | |  2.1
Spellcasting   | |  2.0

Action                   || total
-------------------------++-------
Melee: Dagger            ||    87
       Bite              ||     6
 Cast: Ensorcelled Hiber ||     1
       Corona            ||     1
  Use: Potion            ||     3
       Scroll            ||     1
 Stab: Sleeping          ||    11
       Distracted        ||     1
Armor: Robe              ||    21
Dodge: Dodged            ||    50
